AoeStats
← W_DPINT003

Oasis

509766131Analyzed
2v2 RM · 6d ago on Sep 27, 2026· 52m 59s· 4 players
Game mode
Random Map
Map size
Medium (4 player)
Population
200
Speed
Normal
Resources
Standard
Victory
Conquest
Starting age
Dark Age
Ending age
Imperial Age
RankedLock teamsTeams togetherTeam positionsShared explorationLock speedFull tech treeHidden civsTurbo modeCheats
Victory
Defeat
🇵🇪 Armenians · Peru
1738
+7
🇵🇪 Hindustanis · Peru
1539
+13
🇩🇪 Huns · Germany
1512
-11
🇦🇷 Bohemians · Argentina
1483
-9
ELBIO
7:08 Loom
9:22 Feudal Age
12:31 Fletching
16:14 Padded Archer Armor
18:47 Wheelbarrow
18:05 Double-Bit Axe
19:02 Horse Collar
25:21 Castle Age
25:29 Crossbowman
26:08 Bodkin Arrow
26:31 Leather Archer Armor
28:21 Chemistry
27:50 Leather Archer Armor
31:21 Bow Saw
34:50 Imperial Age
34:55 Arbalester
36:46 Bracer
39:21 Ballistics
42:06 Ring Archer Armor
I_hate_arabia
6:12 Loom
8:29 Feudal Age
10:52 Double-Bit Axe
13:55 Horse Collar
15:16 Fletching
18:13 Forging
18:49 Bloodlines
19:24 Scale Barding Armor
23:52 Castle Age
23:54 Light Cavalry
24:35 Husbandry
24:58 Chain Barding Armor
25:00 Bow Saw
26:25 Heavy Plow
28:44 Wheelbarrow
29:21 Gold Mining
35:37 Imperial Age
34:10 Hand Cart
34:09 Marauders
34:58 Bodkin Arrow
35:03 Padded Archer Armor
36:01 Thumb Ring
35:57 Town Watch
36:47 Conscription
35:57 Capped Ram
37:55 Two-Man Saw
36:55 Elite Tarkan
37:57 Town Patrol
38:02 Cavalier
39:33 Masonry
39:19 Murder Holes
41:04 Bracer
44:41 Chemistry
45:25 Ballistics
48:38 Heavy Cavalry Archer
51:40 Fervor
$BlackHeart$
7:34 Loom
9:46 Feudal Age
10:20 Double-Bit Axe
10:39 Horse Collar
16:53 Fletching
17:50 Padded Archer Armor
25:07 Castle Age
25:45 Bodkin Arrow
25:11 Elite Skirmisher
28:09 Wheelbarrow
30:52 Leather Archer Armor
37:41 Guard Tower
39:04 Ballistics
40:27 Masonry
46:27 Imperial Age
47:10 Bracer
48:17 Chemistry
49:25 Ring Archer Armor
52:56 Siege Engineers
W_DPINT003
5:02 Loom
10:06 Feudal Age
10:38 Double-Bit Axe
10:34 Horse Collar
20:10 Castle Age
21:33 Heavy Plow
21:46 Bow Saw
26:14 Gold Mining
31:12 Imperial Age
29:07 Scale Mail Armor
29:18 Forging
29:02 Pikeman
29:42 Squires
29:05 Man-at-Arms
29:31 Gambesons
29:31 Arson
30:53 Wheelbarrow
30:09 Stone Mining
30:55 Gold Shaft Mining
30:36 Long Swordsman
31:52 Iron Casting
31:55 Onager
32:13 Two-Handed Swordsman
33:37 Champion
34:32 Chain Mail Armor
36:19 Blast Furnace
35:50 Plate Mail Armor
36:55 Fereters
39:21 Pikeman
40:57 Conscription
41:04 Conscription
41:33 Coinage
40:59 Capped Ram
42:21 Halberdier
43:17 Siege Ram
46:57 Banking
46:37 Guilds
47:59 Fletching
48:10 Padded Archer Armor
50:06 Chemistry
49:26 Ballistics
49:02 Bodkin Arrow
48:29 Elite Composite Bowman
49:25 Hand Cart
48:56 Town Watch
49:57 Bracer
50:14 Leather Archer Armor
50:11 Masonry
49:42 Treadmill Crane
51:30 Ring Archer Armor
50:44 Elite Skirmisher
Connection lost

Rejoining the realm…

Still unreachable

The connection could not be restored.

Session expired

The server has moved on; the page needs a fresh start.